 Dungeon Crawl Stone Soup version 0.29.1-15-g9cfb28693d (webtiles) character file.

Game seed: 1548368419195802129

121 MacCMillion the Ruffian (level 4, -1/67 HPs)
             Began as a Troll Fighter on Feb 23, 2023.
             Killed from afar by an orc wizard (3 damage)
             ... with a puff of flame
             ... on level 4 of the Dungeon.
             The game lasted 00:02:58 (1888 turns).

MacCMillion the Ruffian (Troll Fighter)             Turns: 1888, Time: 00:02:59

Health: -1/67      AC:  4    Str: 24    XL:     4   Next: 76%
Magic:  3/3        EV:  8    Int:  6    God:
Gold:   151        SH:  7    Dex:  9    Spells: 3/3 levels left

rFire   . . .      SeeInvis .     - Unarmed
rCold   . . .      Faith    .   b - +0 kite shield
rNeg    . . .      Spirit   .   a - +0 robe
rPois   .          Reflect  .   (helmet restricted)
rElec   .          Harm     .   (no cloak)
rCorr   .          Rampage  .   (gloves unavailable)
Will    .....                   (boots unavailable)
Stlth   ..........              (no amulet)
HPRegen 1.01/turn               (no ring)
MPRegen 0.08/turn               (no ring)

@: berserking, very quick
A: large, unfitting armour, claws 3, regeneration 1, shaggy fur 1, tough skin 1
a: no special abilities


You were on level 4 of the Dungeon.
You visited 1 branch of the dungeon, and saw 4 of its levels.

You collected 151 gold pieces.

Inventory:

Missiles
 m - 13 poisoned darts (quivered)
 n - 4 curare-tipped darts
Armour
 a - a +0 robe (worn)
 b - a +0 kite shield (worn)
Scrolls
 f - 2 scrolls of identify {unknown}
 g - a scroll of enchant weapon {unknown}
 i - a scroll of enchant armour {unknown}
 k - a scroll of torment {unknown}
 l - a scroll of vulnerability {unknown}
Potions
 c - a potion of might
 e - a potion of ambrosia {unknown}
 h - a potion of haste {unknown}
 j - a potion of heal wounds {unknown}


   Skills:
 + Level 3.1 Fighting
 - Level 2.4 Dodging
 + Level 3.3 Shields
 * Level 3.8 Unarmed Combat


You had 3 spell levels left.
You didn't know any spells.
Your spell library contained the following spells:

 Spells                   Type           Power      Damage    Failure   Level
 Sting                    Tmut/Pois      0%         1d3       75%         1
 Poisonous Vapours        Pois/Air       0%         N/A       87%         2
 Dazzling Flash           Conj/Hex       0%         N/A       98%         3
 Gell's Gravitas          Tloc           0%         N/A       98%         3
 Teleport Other           Tloc           0%         N/A       98%         3
 Olgreb's Toxic Radiance  Pois           0%         N/A       100%        4
 Agony                    Necr           0%         N/A       100%        5
 Silence                  Hex/Air        0%         N/A       100%        5
 Dispersal                Tloc           0%         N/A       100%        6


Dungeon Overview and Level Annotations

Branches:
Dungeon (4/15)
 Temple: D:4-7

Altars:


Innate Abilities, Weirdness & Mutations

You are too large for most types of armour.
You have claws for hands.
Your natural rate of healing is unusually fast.
You are covered in fur. (AC +1)
You have tough skin. (AC +1)


Message History

In your confused state, you trip and fall down the stairs.
You climb downwards.
Reactivating autopickup.
The hobgoblin shouts!
You hear a shout! x3; You hear a bark!
There is a stone staircase leading up here.
You hear a shout! x2; You hear a bark!
You bump into the rock wall.
You hear a bark!
Something hits you.
* * * LOW HITPOINT WARNING * * *
Something freezes you.
* * * LOW HITPOINT WARNING * * *
Deactivating autopickup; reactivate with Ctrl-A.
You completely miss something. Something hits you.
* * * LOW HITPOINT WARNING * * *
Something freezes you.
* * * LOW HITPOINT WARNING * * *
You bump into the rock wall.
You feel less confused. Something hits you.
* * * LOW HITPOINT WARNING * * *
Something freezes you.
* * * LOW HITPOINT WARNING * * *
The hobgoblin hits you but does no damage.
It was a potion of berserk rage.
A red film seems to cover your vision as you go berserk!
You feel yourself moving faster!
You feel mighty! You block something's attack.
The hobgoblin hits you but does no damage.
You miss something.
You hear some strange, mumbled words.
A magic dart appears from out of thin air!
The magic dart hits you!
* * * LOW HITPOINT WARNING * * *
Unknown command.
You miss something.
An orc wizard appears from thin air!
Reactivating autopickup.
The hobgoblin hits you but does no damage.
The orc wizard casts a spell at you. The puff of flame hits you.
You die...

#
#.######
#.#....
.....#
#g#.##.#
#@o....#
########


You could see an orc wizard and a hobgoblin.

Vanquished Creatures
  An orc wizard (D:3)
  Robin (D:1)
  2 adders
  A worm (D:2)
  3 orcs (D:3)
  6 bats
  4 endoplasms
  2 giant cockroaches (D:2)
  13 goblins
  6 hobgoblins
  4 jackals (D:2)
  5 quokkas
  6 ball pythons
  5 frilled lizards
  6 kobolds
  9 rats
74 creatures vanquished.

Notes
Turn   | Place    | Note
-------+----------+-------------------------------------------
     0 | D:1      | MacCMillion the Troll Fighter began the quest for the Orb.
     0 | D:1      | Reached XP level 1. HP: 22/22 MP: 0/0
   114 | D:1      | Reached XP level 2. HP: 29/29 MP: 1/1
   673 | D:2      | Reached XP level 3. HP: 36/36 MP: 2/2
   944 | D:2      | Noticed Robin
  1104 | D:1      | Killed Robin
  1121 | D:2      | Reached XP level 4. HP: 38/44 MP: 3/3
  1719 | D:3      | Found a faded altar of an unknown god.
  1887 | D:4      | HP: 1/67 [something/magic dart (7)]
  1888 | D:4      | Killed from afar by an orc wizard

Illustrated notes

Levels and vault maps discovered:
D:1:      dpeg_arrival_pond, layout_loops_cross
D:2:      layout_basic, kennysheep_generic_room_7, uniq_robin
D:3:      layout_basic, hellmonk_ecumenical_altar_blasted
D:4:      lemuel_castle_with_subvaults [lemuel_castle_interior_carwin_3],
          layout_basic, kennysheep_mini_moat

Skill      XL: |  1  2  3  4 |
---------------+-------------+-----
Shields        | 3 |  3.3
Unarmed Combat | 3 |  3.8
Fighting       | 3 |  3.1
Dodging        | |  2.4

Action                   |  1- 3 |  4- 6 || total
-------------------------+-------+-------++-------
Melee: Unarmed           |   118 |    82 ||   200
  Use: Potion            |       |     1 ||     1
Armor: Robe              |    42 |    25 ||    67
Dodge: Dodged            |    39 |    19 ||    58
Block: Kite shield       |    46 |    17 ||    63
